 Dungeon Crawl Stone Soup version 0.29.1-15-g9cfb28693d (webtiles) character file.

Game seed: 9595511974577269406

32 Gustavia the Shooter (level 3, -2/27 HPs)
             Began as a Human Hunter on Mar 9, 2023.
             Slain by a worm (9 damage)
             ... on level 2 of the Dungeon.
             The game lasted 00:04:02 (656 turns).

Gustavia the Shooter (Human Hunter)                  Turns: 656, Time: 00:04:03

Health: -2/27      AC:  3    Str: 11    XL:     3   Next: 45%
Magic:  3/3        EV: 12    Int:  9    God:
Gold:   44         SH:  0    Dex: 18    Spells: 2/2 levels left

rFire   . . .      SeeInvis .   a - +0 shortbow
rCold   . . .      Faith    .   (shield currently unavailable)
rNeg    . . .      Spirit   .   c - +0 leather armour
rPois   .          Reflect  .   (no helmet)
rElec   .          Harm     .   (no cloak)
rCorr   .          Rampage  .   (no gloves)
Will    .....                   (no boots)
Stlth   ++........              (no amulet)
HPRegen 0.09/turn               (no ring)
MPRegen 0.08/turn               (no ring)

@: no status effects
A: no striking features
a: no special abilities


You were on level 2 of the Dungeon.
You visited 1 branch of the dungeon, and saw 2 of its levels.

You collected 44 gold pieces.

Inventory:

Hand Weapons
 a - a +0 shortbow (weapon)
Armour
 c - a +0 leather armour (worn)
Scrolls
 b - 2 scrolls of immolation


   Skills:
 + Level 2.1 Fighting
 + Level 4.8 Ranged Weapons
 + Level 2.2 Dodging
 + Level 1.1 Stealth


You had 2 spell levels left.
You didn't know any spells.
Your spell library contained the following spells:

 Spells                   Type           Power      Damage    Failure   Level
 Summon Guardian Golem    Hex/Summ       0%         N/A       85%         3
 Orb of Destruction       Conj           0%         9d5       100%        7
 Spellforged Servitor     Conj/Summ      0%         N/A       100%        7


Dungeon Overview and Level Annotations

Branches:
Dungeon (2/15)

Altars:


Message History

Press: ? - help, Q - select action Shift-Dir - straight line, f - worm
Aim: a worm (heavily wounded, 81% to hit)
You shoot an arrow. The arrow hits the worm.
The worm is heavily wounded.
Unknown command.
Fire: a) +0 shortbow
Press: ? - help, Q - select action Shift-Dir - straight line, f/p - worm
Aim: a worm (heavily wounded, 81% to hit)
You shoot an arrow. The arrow hits the worm.
The worm is heavily wounded.
The worm barely misses you.
Fire: a) +0 shortbow
Press: ? - help, Q - select action Shift-Dir - straight line, f/p - worm
Aim: a worm (heavily wounded, 81% to hit)
You shoot an arrow. The arrow hits the worm.
The worm is severely wounded.
The worm bites you.
* * * LOW HITPOINT WARNING * * *
Fire: a) +0 shortbow
Press: ? - help, Q - select action Shift-Dir - straight line, f/p - worm
Aim: a worm (severely wounded, 81% to hit)
You shoot an arrow. The arrow hits the worm.
The worm is severely wounded.
The worm bites you but does no damage.
Fire: a) +0 shortbow
Press: ? - help, Q - select action Shift-Dir - straight line, f/p - worm
Aim: a worm (severely wounded, 81% to hit)
You shoot an arrow. The arrow barely misses the worm.
The worm misses you.
Fire: a) +0 shortbow
Press: ? - help, Q - select action Shift-Dir - straight line, f/p - worm
Aim: a worm (severely wounded, 81% to hit)
You shoot an arrow. The arrow barely misses the worm.
Fire: a) +0 shortbow
Press: ? - help, Q - select action Shift-Dir - straight line, f/p - worm
Aim: a worm (severely wounded, 81% to hit)
You shoot an arrow. The arrow hits the worm.
The worm is almost dead.
The worm bites you!
You die...

###.## #..
.#... ..#
.... ..# ...
..# # ..#..
## #. ... .^
#####.#.#.#
.......@.)#
########w...#
.......
.......
.......
.......
.......
.......


You could see a worm.

Vanquished Creatures
  A gnoll (D:1)
  3 dart slugs (D:1)
  A bat (D:1)
  2 goblins
  A hobgoblin (D:1)
  2 quokkas (D:1)
  3 ball pythons (D:1)
  A frilled lizard (D:1)
  A kobold (D:1)
  2 rats (D:1)
17 creatures vanquished.

Notes
Turn   | Place    | Note
-------+----------+-------------------------------------------
     0 | D:1      | Gustavia the Human Hunter began the quest for the Orb.
     0 | D:1      | Reached XP level 1. HP: 16/16 MP: 1/1
   109 | D:1      | Reached XP level 2. HP: 22/22 MP: 2/2
   176 | D:1      | Found a faded altar of an unknown god.
   229 | D:1      | Reached XP level 3. HP: 24/27 MP: 3/3
   656 | D:2      | Slain by a worm

Illustrated notes

Levels and vault maps discovered:
D:1:      amcnicky_arrival_single_pillar, layout_basic,
          ebering_ecumenical_altar_ruins, hangedman_decor_clover_reticule
D:2:      layout_basic, basic_altar, minivault_14

Action                   || total
-------------------------++-------
 Fire: Shortbow          ||    56
  Use: Scroll            ||     4
       Potion            ||     2
Armor: Leather armour    ||     7
Dodge: Dodged            ||    18
